 Dungeon Crawl Stone Soup version 0.18.1-6-gd335043 (webtiles) character file.

11 Gorice the Charmwright (level 2, -1/22 HPs)
             Began as a Human Skald on May 19, 2016.
             Slain by a gnoll
             ... wielding a +0 whip
              (8 damage)
             ... on level 1 of the Dungeon.
             The game lasted 00:01:21 (478 turns).

Gorice the Charmwright (Human Skald)                 Turns: 478, Time: 00:01:21

Health: -1/22      AC:  5    Str: 12    XL:     2   Next: 35%
Magic:  5/5        EV: 10    Int: 12    God:
Gold:   16         SH:  0    Dex: 12    Spells: 1 memorised, 4 levels left

rFire  . . .     SeeInvis .     a - +0 falchion
rCold  . . .     Gourm    .     e - +0 ring mail
rNeg   . . .     Faith    .     (no shield)
rPois  .         Spirit   .     (no helmet)
rElec  .         Dismiss  .     (no cloak)
rCorr  .         Reflect  .     (no gloves)
SustAt .         Harm     .     (no boots)
MR     .....                    (no amulet)
Stlth  +.........               (no ring)
                                (no ring)

@: not resistant to hostile enchantments, very unstealthy
A: no striking features
a: no special abilities


You were on level 1 of the Dungeon.
You were not hungry.

You visited 1 branch of the dungeon, and saw 1 of its levels.

You collected 16 gold pieces.

Inventory:

Hand Weapons
 a - a +0 falchion (weapon)
 n - a +1 dagger of speed
   (You took it off a kobold on level 1 of the Dungeon)
Missiles
 Z - 11 stones (quivered)
Armour
 b - a +0 leather armour
 e - a +0 ring mail (worn)
Scrolls
 g - a scroll of blinking {unknown}
 h - a scroll of magic mapping {unknown}
 m - a scroll of amnesia {unknown}
 o - a scroll of identify {unknown}
Potions
 j - a potion of mutation {unknown}
 k - a potion of flight {unknown}
Books
 c - a book of Battle
Comestibles
 d - a bread ration {!e}
 f - 4 chunks of flesh
 i - a meat ration {!e}
 l - 4 fruits


   Skills:
 - Level 2.0 Fighting
 + Level 2.8 Long Blades
 - Level 1.0 Armour
 - Level 1.0 Dodging
 - Level 2.0 Spellcasting
 - Level 3.0 Charms


You had 4 spell levels left.
You knew the following spells:

 Your Spells              Type           Power        Failure   Level  Hunger
a - Infusion              Chrm           #...         17%         1    ##.....


Dungeon Overview and Level Annotations

Branches:
Dungeon (1/15)

Altars:


Message History

There is an open door here.
Some of the chunks of flesh in your inventory have rotted away.
Z - 11 stones (gained 1)
A giant cockroach comes into view.
The giant cockroach moves out of view.
Found 9 gold pieces and a scroll labeled JIZIS QIUMAACS.
You closely miss the giant cockroach. The giant cockroach bites you.
The giant cockroach bites you but does no damage.
Damage: 2 (max 2)
You closely miss the giant cockroach.
The giant cockroach bites you but does no damage.
You hit the giant cockroach.
The giant cockroach is almost dead.
The giant cockroach closely misses you.
You hit the giant cockroach.
You kill the giant cockroach!
Some of the chunks of flesh in your inventory have rotted away.
No target in view!
No target in view!
You see here a giant cockroach corpse.
You butcher the giant cockroach corpse.
f - 4 chunks of flesh (gained 2)
Found 24 bolts.
That item cannot be evoked!
You now have 16 gold pieces (gained 9).
Found a plate armour.
o - a scroll labeled JIZIS QIUMAACS A gnoll comes into view.
It is wielding a whip.
The gnoll shouts!
You see here 24 bolts.
The gnoll barely misses you.
You hit the gnoll but do no damage. The gnoll hits you with a whip!
Damage: 7 (max 7)
You closely miss the gnoll. The gnoll misses you.
You barely miss the gnoll. The gnoll barely misses you. x2
You closely miss the gnoll. The gnoll hits you with a whip.
Damage: 3 (max 7)
You closely miss the gnoll. The gnoll closely misses you.
You barely miss the gnoll. The gnoll hits you with a whip.
* * * LOW HITPOINT WARNING * * *
Damage: 6 (max 7)
You are too injured to fight recklessly!
You are too injured to fight recklessly!
The gnoll barely misses you. The gnoll hits you with a whip.
* * * LOW HITPOINT WARNING * * *
Damage: 3 (max 7)
The gnoll hits you but does no damage. The gnoll hits you with a whip!
You die...

#..##.#.. ...
.######..#..... ..
............... .#
.. .######..#.....
.. .## #........
.## ..# #........
..# #.# ##.######
#.# #.# #.# #.#
#@#.# ####.####
#####.###g#.#
#.......# ##
#...........#
#.##.##.###
.#...#.####.#.#..#
#.##.##.#.#
..................#
#.##.......
#.#...#.####...##.#
#.#####.#.# ##.##.#
##..# ..#
#.###...... #.
#.#####..# #.#
#.......#.# #
#........# .#
#####.###..


You could see a gnoll.

Vanquished Creatures
  2 bats (D:1)
  2 giant cockroaches (D:1)
  A hobgoblin (D:1)
  A kobold (D:1)
  2 giant newts (D:1)
  2 rats (D:1)
10 creatures vanquished.

Notes
Turn   | Place    | Note
--------------------------------------------------------------
     0 | D:1      | Gorice the Human Skald began the quest for the Orb.
     0 | D:1      | Reached XP level 1. HP: 16/16 MP: 3/3
   201 | D:1      | Reached XP level 2. HP: 22/22 MP: 5/5
   414 | D:1      | HP: 6/22 [gnoll/whip (6)]
   478 | D:1      | Slain by a gnoll

Action                   || total
-------------------------++-------
Melee: Falchion          ||    38
Armor: Ring mail         ||    26
       Leather armour    ||     2
Dodge: Dodged            ||    28

Table legend:
 A = Turns spent in this place as a percentage of turns spent in the entire game.
 B = Non-inter-level travel turns spent in this place as a percentage of non-inter-level travel turns spent in the entire game.
 C = Inter-level travel turns spent in this place as a percentage of turns spent in this place.
 D = Turns resting spent in this place as a percentage of non-inter-level travel turns spent in this place.
 E = Turns spent auto-exploring this place as a percentage of non-inter-level travel turns spent in this place.
 F = Non-inter-level travel turns spent in this place divided by the number of levels of this place that you've seen.
                   A       B       C       D       E      F
               +-------+-------+-------+-------+-------+----------------------
         Total | 100.0 | 100.0 |   0.0 |   0.0 |   5.6 | 231.0
       Dungeon | 100.0 | 100.0 |   0.0 |   0.0 |   5.6 | 231.0
               +-------+-------+-------+-------+-------+----------------------

Vault maps used:
D:1:      eino_arrival_water_cross
